 Dungeon Crawl Stone Soup version 0.25.1-11-g244df3a29b (webtiles) character file.

Game seed: 7150830588740821056

1519313 DeepDeath the Conqueror (level 27, 184/300 HPs)
             Began as a Purple Draconian Fighter on Nov 16, 2023.
             Was the Champion of Okawaru.
             Escaped with the Orb
             ... and 3 runes on Nov 19, 2023!
             The game lasted 07:53:37 (104682 turns).

DeepDeath the Conqueror (DrFi)                    Turns: 104682, Time: 07:53:37

Health: 184/300    AC: 20    Str: 21    XL:     27
Magic:  20/24      EV: 37    Int: 12    God:    Okawaru [******]
Gold:   259        SH: 19    Dex: 32    Spells: 19/30 levels left

rFire    + + +     SeeInvis +   d - +5 double sword (holy)
rCold    + + +     Gourm    .   P - +0 kite shield of Living New Discoveries {rPois rC+ rN+ MR+}
rNeg     + + .     Faith    .   (armour unavailable)
rPois    +         Spirit   .   L - -2 hat of the Alchemist {rElec rPois rF+ rC+ rN+ MR+ rMut rCorr}
rElec    +         Reflect  .   e - +0 cloak "Ydweedon" {rC+ SInv}
rCorr    +         Harm     .   Q - +3 pair of gauntlets of War {Slay+5}
rMut     +                      z - +2 pair of boots {run}
MR       +++++                  W - amulet "Rilolig" {Acrobat Dex+4}
Stlth    +++.......             o - ring "Xycy" {rF+++ MR+ MP-9 Dex+3 Stlth+}
HPRegen  0.60/turn              i - ring of the Equinox {Dex+7 Slay+3 SInv}
MPRegen  0.19/turn

@: finesse, quick
A: breathe power, unfitting armour, clever 1, robust 1, shaggy fur 1, weak 1,
cold-blooded, AC +13
0: Orb of Zot
}: 3/15 runes: barnacled, silver, gossamer
a: Breathe Dispelling Energy, Heroism, Finesse, Renounce Religion


You escaped.
You worshipped Okawaru.
Okawaru was exalted by your worship.
You were very full.

You visited 11 branches of the dungeon, and saw 53 of its levels.
You visited the Abyss 1 time.
You visited 1 bazaar.
You also visited: Sewer and Desolation.

You collected 7896 gold pieces.
You spent 7637 gold pieces at shops.

Inventory:

Hand Weapons
 d - a +5 double sword of holy wrath (weapon)
 s - a +4 demon blade of flaming
 w - a +9 vorpal double sword
 x - a +4 rapier of draining
Missiles
 A - 6 silver boomerangs
 B - 52 boomerangs
 J - 72 javelins
 N - 7 throwing nets
 S - 68 silver javelins (quivered)
 Z - 9 curare-tipped darts
Armour
 e - the +0 cloak "Ydweedon" (worn) {rC+ SInv}
   (You found it on level 3 of the Spider Nest)

   It protects you from cold.
   It lets you see invisible.
 z - a +2 pair of boots of running (worn)
 L - the -2 hat of the Alchemist (worn) {rElec rPois rF+ rC+ rN+ MR+ rMut rCorr}
   (You bought it in a shop on level 4 of the Depths)

   It protects you from fire.
   It protects you from cold.
   It insulates you from electricity.
   It protects you from poison.
   It protects you from negative energy.
   It affects your resistance to hostile enchantments.
   It provides partial protection from all sources of acid and corrosion.
   It protects you from mutation.
 P - the +0 kite shield of Living New Discoveries (worn) {rPois rC+ rN+ MR+}
   (You found it on level 3 of the Shoals)

   It protects you from cold.
   It protects you from poison.
   It protects you from negative energy.
   It affects your resistance to hostile enchantments.
 Q - the +3 pair of gauntlets of War (worn) {Slay+5}
   (Okawaru gifted it to you on level 4 of the Shoals)

   It affects your accuracy and damage with ranged weapons and melee attacks
   (+5).
Jewellery
 i - the ring of the Equinox (right hand) {Dex+7 Slay+3 SInv}
   (You took it off a deep elf master archer on level 3 of the Elven Halls)

   [ring of see invisible]

   It affects your dexterity (+7).
   It affects your accuracy and damage with ranged weapons and melee attacks
   (+3).
   It lets you see invisible.
 o - the ring "Xycy" (left hand) {rF+++ MR+ MP-9 Dex+3 Stlth+}
   (You found it on level 5 of the Dungeon)

   [ring of stealth]

   It affects your dexterity (+3).
   It renders you almost immune to fire.
   It affects your resistance to hostile enchantments.
   It affects your magic capacity (-9).
   It makes you more stealthy.
 F - an uncursed ring of positive energy
 W - the amulet "Rilolig" (around neck) {Acrobat Dex+4}
   (You bought it in a shop on level 2 of the Orcish Mines)

   [amulet of the acrobat]

   It helps you evade while moving and waiting.
   It affects your dexterity (+4).
Wands
 r - a wand of acid (8)
 t - a wand of digging (8)
 u - a wand of iceblast (38)
 y - a wand of clouds (7)
 E - a wand of paralysis (35)
 V - a wand of disintegration (19)
Scrolls
 a - 5 scrolls of holy word
 j - 4 scrolls of fog
 m - 15 scrolls of teleportation
 D - 4 scrolls of fear
 H - 6 scrolls of blinking
 I - 28 scrolls of remove curse
 K - 3 scrolls of noise
 M - 4 scrolls of identify
 O - 5 scrolls of silence
 U - a scroll of magic mapping
Potions
 b - 6 potions of heal wounds
 c - 16 potions of curing
 g - 15 potions of flight
 h - 2 potions of haste
 n - 2 potions of ambrosia
 p - 4 potions of cancellation
 v - 3 potions of might
 G - 4 potions of magic
 R - 5 potions of berserk rage
 T - a potion of stabbing
 X - 5 potions of mutation
Miscellaneous
 k - 7 phantom mirrors
 l - a lightning rod (4/4)
 q - a phial of floods
 C - 6 boxes of beasts
Comestibles
 f - 46 rations


   Skills:
 O Level 27 Fighting
 - Level 18.0 Long Blades
 - Level 18.0 Throwing
 + Level 22.6 Dodging
 - Level 14.0 Stealth
 - Level 24.0 Shields
 - Level 2.0 Spellcasting
 - Level 2.0 Hexes
 - Level 2.0 Charms
 - Level 1.0 Summonings
 - Level 2.0 Necromancy
 - Level 1.0 Translocations
 - Level 1.0 Ice Magic
 - Level 1.0 Air Magic
 - Level 14.0 Invocations
 - Level 10.0 Evocations


You had 19 spell levels left.
You knew the following spells:

 Your Spells              Type           Power        Failure   Level  Hunger
a - Ozocubu's Armour      Chrm/Ice       #.......     41%         3    ####...
b - Tukima's Dance        Hex            #.......     34%         3    ####...
n - Swiftness             Chrm/Air       #.......     22%         2    ###....
q - Animate Skeleton      Necr           N/A          12%         1    ##.....
w - Summon Butterflies    Summ           #.......     19%         1    ##.....
A - Apportation           Tloc           #.....       19%         1    ##.....

Your spell library contained the following spells:

 Spells                   Type           Power        Failure   Level  Hunger
 Pain                     Necr           #...         12%         1    ##.....
 Freeze                   Ice            #...         19%         1    ##.....
 Slow                     Hex            #.......     19%         2    ###....
 Sublimation of Blood     Necr           #.........   19%         2    ###....
 Shock                    Conj/Air       #...         22%         1    ##.....
 Ensorcelled Hibernation  Hex/Ice        #.....       22%         2    ###....
 Beastly Appendage        Tmut           #.....       26%         1    ##.....
 Foxfire                  Conj/Fire      #...         26%         1    ##.....
 Magic Dart               Conj           #...         26%         1    ##.....
 Sandblast                Erth           #.....       26%         1    ##.....
 Sting                    Tmut/Pois      #...         26%         1    ##.....
 Poisonous Vapours        Pois/Air       #.....       32%         2    ###....
 Vampiric Draining        Necr           #.........   34%         3    ####...
 Passwall                 Tmut/Erth      #.......     38%         2    ###....
 Sticks to Snakes         Tmut           #.......     38%         2    ###....
 Portal Projectile        Hex/Tloc       #.....       41%         3    ####...
 Summon Guardian Golem    Hex/Summ       #.......     41%         3    ####...
 Dazzling Flash           Conj/Hex       #.....       47%         3    ####...
 Frozen Ramparts          Ice            #.....       47%         3    ####...
 Gell's Gravitas          Tloc           #.........   47%         3    ####...
 Lesser Beckoning         Tloc           #.........   47%         3    ####...
 Recall                   Summ/Tloc      N/A          47%         3    ####...
 Teleport Other           Tloc           #.......     47%         3    ####...
 Static Discharge         Conj/Air       #.......     54%         3    ####...
 Mephitic Cloud           Conj/Pois/Air  #.......     58%         3    ####...
 Conjure Flame            Conj/Fire      #.......     63%         3    ####...
 Ignite Poison            Fire/Tmut/Pois #.......     63%         3    ####...
 Spider Form              Tmut/Pois      #.........   63%         3    ####...
 Stone Arrow              Conj/Erth      #.....       63%         3    ####...
 Animate Dead             Necr           N/A          75%         4    #####..
 Cause Fear               Hex            #.........   75%         4    #####..
 Dispel Undead            Necr           #.......     75%         4    #####..
 Airstrike                Air            #.........   87%         4    #####..
 Leda's Liquefaction      Hex/Erth       #.........   87%         4    #####..
 Summon Ice Beast         Ice/Summ       #.......     87%         4    #####..
 Summon Lightning Spire   Summ/Air       #.......     87%         4    #####..
 Hailstorm                Conj/Ice       #.......     91%         4    #####..
 Ice Form                 Ice/Tmut       #.......     91%         4    #####..
 Olgreb's Toxic Radiance  Pois           #.......     95%         4    #####..
 Petrify                  Tmut/Erth      #.......     95%         4    #####..
 Sticky Flame             Conj/Fire      #.......     95%         4    #####..
 Agony                    Necr           #.......     97%         5    ######.
 Excruciating Wounds      Chrm/Necr      #.........   97%         5    ######.
 Aura of Abjuration       Summ           #.........   99%         5    ######.
 Borgnjor's Vile Clutch   Necr/Erth      #.........   99%         5    ######.
 Iskenderun's Battlesphe  Conj/Chrm      #.......     99%         5    ######.
 Lightning Bolt           Conj/Air       #.........   99%         5    ######.
 Metabolic Englaciation   Hex/Ice        #.........   99%         5    ######.
 Silence                  Hex/Air        #.........   99%         5    ######.
 Yara's Violent Unravell  Hex/Tmut       #.........   99%         5    ######.
 Alistair's Intoxication  Tmut/Pois      #.......     100%        5    ######.
 Blade Hands              Tmut           #.........   100%        5    ######.
 Bolt of Magma            Conj/Fire/Erth #.........   100%        5    ######.
 Irradiate                Conj/Tmut      #.........   100%        5    ######.
 Lee's Rapid Deconstruct  Erth           #.........   100%        5    ######.
 Conjure Ball Lightning   Conj/Air       #.........   100%        6    #######
 Darkness                 Hex            #.........   100%        6    #######
 Death Channel            Necr           #.........   100%        6    #######
 Dispersal                Tloc           #.........   100%        6    #######
 Eringya's Noxious Bog    Tmut/Pois      #.........   100%        6    #######
 Hydra Form               Tmut           #.........   100%        6    #######
 Invisibility             Hex            #.......     100%        6    #######
 Iron Shot                Conj/Erth      #.........   100%        6    #######
 Simulacrum               Ice/Necr       #.........   100%        6    #######
 Starburst                Conj/Fire      #.........   100%        6    #######
 Statue Form              Tmut/Erth      #........    100%        6    #######
 Haunt                    Necr/Summ      #.........   100%        7    #######
 Orb of Destruction       Conj           #.........   100%        7    #######
 Spellforged Servitor     Conj/Summ      #.........   100%        7    #######
 Borgnjor's Revivificati  Necr           #.........   100%        8    #######
 Controlled Blink         Tloc           N/A          100%        8    #######
 Death's Door             Chrm/Necr      #.........   100%        8    #######
 Discord                  Hex            #.........   100%        8    #######
 Disjunction              Tloc           #.........   100%        8    #######
 Ignition                 Fire           #.........   100%        8    #######
 Infestation              Necr           #.........   100%        8    #######
 Necromutation            Tmut/Necr      #.........   100%        8    #######
 Dragon's Call            Summ           #.........   100%        9    #######
 Shatter                  Erth           #.........   100%        9    #######
 Tornado                  Air            #.........   100%        9    #######
 Passage of Golubria      Tloc           Unusable     N/A         4    N/A

Dungeon Overview and Level Annotations

Branches:
Dungeon (15/15)            Temple (1/1) D:4            Lair (6/6) D:11
 Shoals (4/4) Lair:2       Spider (4/4) Lair:4        Slime (0/5) Lair:5
    Orc (2/2) D:12            Elf (3/3) Orc:2        Vaults (5/5) D:14
  Crypt (3/3) Vaults:2       Tomb (0/3) Crypt:3      Depths (5/5) D:15
    Zot (5/5) Depths:5      Sewer (visited)         Desolation (visited)

Altars:
Ashenzari
Cheibriados
Dithmenos
Elyvilon
Fedhas
Gozag
Hepliaklqana
Kikubaaqudgha
Makhleb
Nemelex Xobeh
Okawaru
Qazlal
Ru
Sif Muna
Trog
Uskayaw
Vehumet
Wu Jian
Xom
Yredelemnul
Zin
The Shining One
Jiyva

Shops:
D:6 %   Orc:2 =}[!   Elf:1 ((   Elf:2 }   Elf:3 ?   Shoals:3 ::?   Vaults:2 :
Vaults:4 *   Depths:4 =([(

Portals:
Hell: Depths:1 Depths:2 Depths:3 Depths:4 Depths:5
Abyss: Depths:1 Depths:4
Pandemonium: Depths:3
Ziggurat: Depths:1


Innate Abilities, Weirdness & Mutations

You can breathe bolts of dispelling energy.
Your rich purple scales are hard. (AC +13)
You cannot fit into any form of body armour.
You are cold-blooded and may be slowed by cold attacks.
Your mind is acute. (Int +2)
You are robust. (+10% HP)
You are covered in fur. (AC +1)
You are weak. (Str -2)


Message History

You slash the Ice Fiend!
The Ice Fiend convulses.
You tail-slap the Ice Fiend, but do no damage.
The Ice Fiend is lightly wounded.
You slice the Ice Fiend!!
The Ice Fiend convulses!
The Ice Fiend is heavily wounded.
The Ice Fiend calls on the powers of darkness!
Your body is wracked with pain!
You slash the Ice Fiend!
The Ice Fiend convulses!
The Ice Fiend is severely wounded.
You hit the Ice Fiend.
The Ice Fiend convulses.
You tail-slap the Ice Fiend.
The Ice Fiend is severely wounded.
You open the Ice Fiend like a pillowcase!!!
You kill the Ice Fiend!
Okawaru accepts your kill.
No target in view!
You eat one of the 47 rations.
That ration really hit the spot!
You feel yourself slow down.
There is a staircase leading out of the dungeon here.
Unknown command.
You have escaped!

...###.# #.#.# #.#.#..#..#
...)...### #.#.# #.#....#..#
.........######.#.####.###..#..#
..####...................#.######
..# ##.############8..#.#.......
..# #.#................>#######
..# #.#.#####...##8..#..# ..#
#.#.# #.....##..#..# ..# #.#.#
##.@.####.#..# ..# #.#.#
#.....##..#..# ..#
#.#.#####...##8.....# ..#
#.#..............##.# ###
#.############8.###.#
#.......).......# #.#
##############.## #.# #..# #.#
##.# #.#


There were no monsters in sight!

Vanquished Creatures
  The ghost of Jiorhin the Wrestler, a legendary TrBe of Trog (Zot:1)
  8 orbs of fire
  5 ancient liches
  A greater mummy (Crypt:3)
  3 Killer Klowns
  Bai Suzhen (Spider:3)
  Margery (Vaults:3)
  Saint Roka (Vaults:1)
  A shard shrike (Zot:3)
  4 curse toes
  11 golden dragons
  the Enchantress (Depths:1)
  Nikola (Vaults:1)
  A bone dragon (Depths:5)
  The ghost of TPoD the Slayer, an adept HOMo of Beogh (Vaults:4)
  A Tzitzimitl (D:2)
  6 liches
  4 electric golems
  Arachne (Spider:3)
  2 hellephants
  An Ice Fiend (D:1)
  22 tentacled monstrosities
  26 Orb Guardians
  5 titans
  2 deep elf blademasters (Elf:3)
  A Hell Sentinel (Zot:1)
  8 quicksilver dragons
  6 death cobs
  2 deep elf master archers (Elf:3)
  Frances (Shoals:1)
  3 sphinxes
  7 tengu reavers
  13 shadow dragons
  15 storm dragons
  Gastronok (Lair:2)
  10 ancient champions
  Ilsuiw (Shoals:4)
  3 revenants
  Donald (Shoals:1)
  4 fire giants
  8 draconian monks
  8 deep elf sorcerers
  2 iron dragons
  14 vault wardens
  5 draconian knights
  3 draconian shifters
  12 frost giants
  Louise (D:14)
  10 draconian scorchers
  An imperial myrmidon (Desolation)
  8 ghost moths
  A cacodemon (D:9)
  13 draconian stormcallers
  4 emperor scorpions
  A deep elf elementalist (Elf:3)
  8 curse skulls
  17 ironheart preservers
  8 draconian annihilators
  9 ghouls
  A caustic shrike skeleton (D:15)
  2 reapers
  33 stone giants
  11 very ugly things
  3 spriggan defenders (Depths:1)
  18 vampire knights
  21 green draconians
  2 juggernaut skeletons
  7 deep elf demonologists
  6 entropy weavers
  12 black draconians
  11 deep elf annihilators
  8 yellow draconians
  15 red draconians
  A halazid warlock (Desolation)
  9 purple draconians
  10 white draconians
  3 eidola
  5 merfolk javelineers
  16 spark wasps
  5 crystal guardians
  9 fire dragons
  A green death (Zot:1)
  14 deep elf death magi
  12 jiangshi
  A quicksilver dragon zombie (Crypt:3)
  20 yaktaur captains
  17 ettins
  8 merfolk impalers
  2 deep elf high priests
  A mummy priest (Crypt:3)
  11 ragged hierophants (Desolation)
  The ghost of tkbsonic5 the Martial Artist, a journeyman OpTm of Elyvilon (Lair:3)
  Fannar (Lair:2)
  10 servants of whispers (Desolation)
  6 hydras
  12 great orbs of eyes
  A juggernaut simulacrum (Depths:3)
  7 peacekeepers
  9 ice dragons
  The ghost of Gadfly the Carver, a journeyman BaMo of Cheibriados (Lair:1)
  37 vault guards
  A caustic shrike simulacrum (Depths:2)
  6 rakshasas
  12 centaur warriors
  5 spriggan air magi
  5 merfolk aquamancers
  4 merfolk avatars
  6 death yaks (Lair:5)
  42 two-headed ogres
  10 deep troll shamans
  An alligator snapping turtle (Shoals:4)
  12 ogre magi
  22 dancing weapons
  7 death knights
  3 satyrs
  12 deep troll earth magi
  A queen ant (Spider:3)
  4 orc high priests
  9 tengu warriors
  11 vampire magi
  A titan zombie (Crypt:3)
  2 thrashing horrors (Abyss:2)
  A soul eater (Crypt:3)
  2 spriggan berserkers
  Urug (D:11)
  2 titan skeletons
  A storm dragon zombie (D:15)
  A shock serpent (shapeshifter) (Vaults:1)
  19 deep elf knights
  2 sixfirhies (D:9)
  A fire crab (shapeshifter) (Vaults:3)
  A wretched star (Abyss:2)
  7 shadow wraiths
  8 sea snakes
  3 iron trolls
  37 skeletal warriors
  6 hell knights
  4 unseen horrors
  27 deep trolls
  9 flayed ghosts
  17 wizards
  A spectral hydra (Lair:3)
  A storm dragon skeleton (Crypt:3)
  3 glowing orange brains
  A shadow demon (D:10)
  22 orc knights
  17 phantasmal warriors
  A lindwurm (Lair:6)
  3 obsidian statues
  An anaconda skeleton (Crypt:1)
  A harpy (shapeshifter) (Vaults:3)
  3 large abominations (Zot:1)
  33 harpies
  An orb spider (shapeshifter) (Vaults:5)
  19 orb spiders
  22 ironbrand convokers
  10 necromancers
  19 deep elf archers
  A worldbinder (Abyss:2)
  3 human zombies
  11 cyclopes
  12 fauns
  28 wolf spiders
  A faun (shapeshifter) (Vaults:5)
  A moth of wrath (shapeshifter) (Elf:3)
  2 oklob plants (Lair:2)
  67 deep elf magi
  6 orc sorcerers
  29 ugly things
  32 moths of wrath
  A sphinx skeleton (Vaults:1)
  18 manticores
  A fire giant skeleton (Vaults:4)
  An iron dragon skeleton (Crypt:3)
  2 salamanders (shapeshifter)
  3 centaur zombies
  9 vault sentinels
  A manticore (shapeshifter) (Vaults:2)
  A rust devil (Depths:1)
  10 black mambas
  6 water nymphs
  8 merfolk sirens
  3 orange demons
  2 stone giant skeletons
  A naga mage (Vaults:4)
  2 shock serpent zombies (Crypt:3)
  A smoke demon (Abyss:2)
  2 frost giant skeletons
  A spiny frog (shapeshifter) (Elf:3)
  2 gargoyles
  A torpor snail (shapeshifter) (Depths:3)
  An apocalypse crab (Abyss:2)
  10 guardian serpents (Desolation)
  A storm dragon simulacrum (Vaults:2)
  3 torpor snails
  A shock serpent skeleton (Crypt:1)
  2 kobold demonologists
  9 komodo dragons
  2 rime drakes (Lair:6)
  4 molten gargoyles
  3 centaur skeletons (D:15)
  10 spiny frogs
  40 yaktaurs
  2 efreet (D:14)
  12 freezing wraiths
  A yaktaur skeleton (D:15)
  9 demonic crawlers
  An entropy weaver simulacrum (Vaults:2)
  11 guardian mummies
  A hellwing (Abyss:2)
  4 human skeletons
  A pale draconian skeleton (Crypt:1)
  7 tengu conjurers
  3 polar bears
  50 jumping spiders
  38 merfolk
  5 trolls
  A meliai (shapeshifter) (Vaults:5)
  7 wind drakes
  A polar bear (shapeshifter) (Depths:5)
  79 saltlings
  10 hornets
  A tengu simulacrum (Depths:3)
  13 snapping turtles
  A slime creature (shapeshifter) (Elf:1)
  A fire giant simulacrum (Vaults:2)
  23 slime creatures
  5 bog bodies
  7 dream sheep (Shoals:1)
  6 blink frogs
  A spriggan zombie (Depths:3)
  A meliai zombie (D:14)
  9 flying skulls
  18 hippogriffs
  2 spectral black mambas (Lair:3)
  An air elemental (Elf:3)
  A guardian serpent skeleton (Crypt:2)
  A spriggan skeleton (Depths:3)
  A stone giant simulacrum (Vaults:1)
  7 spriggans
  A spriggan (shapeshifter) (Elf:2)
  7 vampires (Crypt:3)
  20 water elementals
  9 wraiths
  62 redbacks
  39 tarantellas
  9 wyverns
  2 shadows
  2 fire elementals
  Sigmund (D:6)
  49 yaks
  3 basilisks
  A golden eye (shapeshifter) (Depths:2)
  A hog (shapeshifter) (Vaults:4)
  A basilisk (shapeshifter) (Elf:1)
  10 vampire mosquitoes
  18 humans (D:14)
  A hungry ghost (D:11)
  A warg (shapeshifter) (D:13)
  A swamp worm (shapeshifter) (Vaults:5)
  2 steam dragons (Lair:6)
  10 wargs
  2 tengu zombies
  2 water nymph zombies
  2 spectral spiny frogs (Lair:3)
  4 swamp worms (Lair:6)
  Edmund (D:6)
  3 acid dragons
  2 hydra simulacra (Zot:3)
  3 hell hounds (Lair:6)
  6 soldier ants
  14 water moccasins
  A glowing shapeshifter zombie (Crypt:2)
  10 porcupines
  3 small abominations
  54 orc warriors
  4 sky beasts
  7 ice beasts
  An orc zombie (Vaults:1)
  A swamp dragon zombie (Crypt:1)
  2 eyes of draining
  A manticore zombie (Crypt:3)
  3 necrophages
  A spriggan simulacrum (Depths:2)
  4 black bears
  An elephant zombie (Crypt:1)
  A black mamba simulacrum (Lair:3)
  5 wolves (Lair:6)
  29 ogres
  36 centaurs
  3 big kobolds
  15 crocodiles
  18 bullfrogs
  A komodo dragon zombie (Crypt:1)
  Blork the orc (D:6)
  A glowing shapeshifter simulacrum (Vaults:4)
  2 wyvern zombies
  An earth elemental (Elf:2)
  A gnoll sergeant (D:10)
  A water moccasin zombie (D:7)
  An elf skeleton (Crypt:1)
  A scorpion (shapeshifter) (Vaults:1)
  2 wyvern skeletons
  4 scorpions
  16 killer bees
  2 electric eels (Lair:2)
  8 howler monkeys
  10 crimson imps
  A wolf zombie (Crypt:2)
  5 bullfrog zombies
  5 lava snakes (Lair:6)
  2 quasits
  9 hounds
  A bullfrog skeleton (D:12)
  2 jellies (D:11)
  32 orc priests
  37 orc wizards
  2 iguanas
  A porcupine zombie (Crypt:1)
  27 worker ants
  A porcupine skeleton (Crypt:2)
  A killer bee zombie (Crypt:2)
  A sky beast zombie (Crypt:3)
  An acid dragon zombie (Crypt:2)
  A crocodile skeleton (Crypt:2)
  A hound zombie (D:5)
  4 mummies (Crypt:2)
  2 worker ant zombies (D:7)
  8 adders
  4 gnolls (D:10)
  A howler monkey skeleton (D:6)
  3 river rats (D:6)
  5 shadow imps
  4 oozes
  An iguana skeleton (Crypt:3)
  2 adder skeletons
  An adder zombie (D:10)
  6 worms
  3 dart slugs
  7 leopard geckos
  134 orcs
  11 giant cockroaches
  6 hobgoblins
  12 jackals
  4 quokkas
  6 ball pythons
  A ball python skeleton (Crypt:2)
  8 bats
  5 frilled lizards
  A giant cockroach zombie (Crypt:3)
  3 goblins
  23 kobolds
  A kobold zombie (Crypt:1)
  An orc skeleton (Crypt:3)
  10 rats
  2 crawling corpses (Vaults:1)
  5 plants
2835 creatures vanquished.

Vanquished Creatures (collateral kills)
  An ironbrand convoker (Desolation)
  A saltling (Desolation)
2 creatures vanquished.

Vanquished Creatures (others)
  An eldritch tentacle (Zot:1)
  A draconian knight (Zot:1)
  A frost giant (Depths:4)
  A deep elf demonologist (Elf:2)
  A deep elf annihilator (Vaults:5)
  A red draconian (Zot:3)
  A spark wasp (Depths:2)
  An ogre mage (Vaults:1)
  A vampire mage (Depths:1)
  A deep elf knight (Elf:1)
  A shadow wraith (Vaults:4)
  A phantasmal warrior (Depths:4)
  2 manticores
  A deep elf mage (Elf:1)
  A hornet (Vaults:5)
  A saltling (Desolation)
  A blink frog (Lair:6)
  An ogre (Vaults:5)
  An orc (Orc:2)
  A goblin (D:3)
  A hobgoblin (D:3)
  A butterfly (Lair:2)
  80 fungi
  A lurking horror (Abyss:2)
  57 plants
  5 withered plants (D:15)
166 creatures vanquished.

Grand Total: 3003 creatures vanquished

Notes
Turn   | Place    | Note
-------+----------+-------------------------------------------
     0 | D:1      | DeepDeath the Draconian Fighter began the quest for the
                  | Orb.
     0 | D:1      | Reached XP level 1. HP: 19/19 MP: 1/1
   286 | D:1      | Reached XP level 2. HP: 25/26 MP: 2/2
   722 | D:2      | Reached skill level 1 in Stealth
   859 | D:2      | Reached XP level 3. HP: 31/31 MP: 3/3
  1502 | D:3      | Reached XP level 4. HP: 36/38 MP: 4/4
  1674 | D:3      | Found a faded altar of an unknown god.
  1844 | D:3      | Reached XP level 5. HP: 12/45 MP: 5/5
  2505 | D:4      | Reached skill level 5 in Long Blades
  2512 | D:4      | Reached XP level 6. HP: 49/51 MP: 6/6
  2961 | D:4      | Found a staircase to the Ecumenical Temple.
  2983 | Temple   | Entered the Ecumenical Temple
  3227 | Temple   | Became a worshipper of Warmaster Okawaru
  3504 | D:5      | Entered Level 5 of the Dungeon
  3532 | D:5      | Noticed an ice beast
  3542 | D:5      | Killed an ice beast
  3553 | D:5      | Noticed a sky beast
  3574 | D:5      | Killed a sky beast
  3574 | D:5      | Reached skill level 1 in Invocations
  3574 | D:5      | Reached skill level 1 in Evocations
  3574 | D:5      | Your scales start taking on a rich purple colour.
  3574 | D:5      | Reached XP level 7. HP: 39/57 MP: 7/7
  3696 | D:5      | Got a fine brass ring
  3748 | D:5      | Reached * piety under Okawaru
  3748 | D:5      | Reached skill level 1 in Throwing
  4303 | D:5      | Found a shadowy altar of Dithmenos.
  4844 | D:5      | Identified the ring "Xycy" {rF+++ MR+ MP-9 Dex+3 Stlth+}
                  | (You found it on level 5 of the Dungeon)
  4952 | D:6      | Reached XP level 8. HP: 64/64 MP: 6/9
  5115 | D:6      | Noticed Edmund
  5122 | D:6      | Killed Edmund
  5161 | D:6      | Found a glowing drain.
  5310 | Sewer    | Entered a sewer
  5431 | Sewer    | Reached skill level 4 in Fighting
  5716 | D:6      | Found Azojuck's Food Emporium.
  5756 | D:6      | Noticed Sigmund
  5771 | D:6      | Killed Sigmund
  5824 | D:6      | Reached ** piety under Okawaru
  6542 | D:6      | Noticed Blork the orc
  6628 | D:7      | Reached XP level 9. HP: 69/72 MP: 0/12
  6654 | D:7      | Reached skill level 5 in Invocations
  6982 | D:7      | Reached skill level 5 in Fighting
  7431 | D:7      | Reached skill level 5 in Shields
  7778 | D:7      | Reached skill level 10 in Long Blades
  7868 | D:7      | Reached *** piety under Okawaru
  8558 | D:8      | Reached XP level 10. HP: 68/81 MP: 5/14
  9651 | D:9      | Noticed a two-headed ogre
  9665 | D:9      | Reached **** piety under Okawaru
 10070 | D:9      | Reached skill level 6 in Fighting
 10234 | D:9      | Reached skill level 7 in Fighting
 10547 | D:9      | Received a gift from Okawaru
 10547 | D:9      | Reached skill level 8 in Fighting
 10709 | D:6      | Killed Blork the orc
 10836 | D:10     | Entered Level 10 of the Dungeon
 10980 | D:10     | Reached skill level 9 in Fighting
 11173 | D:10     | Received a gift from Okawaru
 11324 | D:10     | Reached XP level 11. HP: 84/97 MP: 8/17
 12343 | D:10     | Reached skill level 10 in Fighting
 12646 | D:11     | Noticed a green ugly thing
 12799 | D:11     | Noticed a two-headed ogre
 13142 | D:11     | Noticed a red ugly thing
 13143 | D:11     | Noticed a green ugly thing
 13220 | D:11     | Killed a red ugly thing
 13229 | D:11     | Killed a green ugly thing
 13381 | D:11     | Identified the cursed +0 leather armour of Yqytio {*Contam
                  | Int+6 Dex+8}
 13471 | D:11     | Killed a green ugly thing
 13471 | D:11     | Reached skill level 11 in Fighting
 13570 | D:11     | Received a gift from Okawaru
 13773 | D:11     | Noticed a two-headed ogre
 13786 | D:11     | Killed a two-headed ogre
 13786 | D:11     | Received a gift from Okawaru
 13840 | D:11     | Killed a two-headed ogre
 13840 | D:11     | Reached ***** piety under Okawaru
 13840 | D:11     | Reached skill level 12 in Fighting
 14230 | D:11     | Found a staircase to the Lair.
 14260 | D:11     | Killed an unseen horror
 14745 | D:11     | Reached XP level 12. HP: 100/113 MP: 9/18
 15224 | D:9      | Killed a two-headed ogre
 15224 | D:9      | Received a gift from Okawaru
 15236 | D:9      | Cast into level 2 of the Abyss (unwielding a weapon of
                  | distortion)
 15249 | Abyss:2  | Reached skill level 13 in Fighting
 15329 | Abyss:2  | Reached skill level 14 in Fighting
 15341 | Abyss:2  | Noticed a rakshasa
 15410 | Abyss:2  | Killed a rakshasa
 15410 | Abyss:2  | Reached skill level 15 in Fighting
 15519 | Abyss:2  | Found a corrupted altar of Lugonu.
 15768 | Abyss:2  | Found a corrupted altar of Lugonu.
 15886 | Abyss:2  | Noticed a lich
 15890 | Abyss:2  | Found a corrupted altar of Lugonu.
 15945 | D:9      | Escaped the Abyss
 16596 | Lair:1   | Entered Level 1 of the Lair of Beasts
 16677 | Lair:1   | Found a bloodstained altar of Trog.
 16679 | Lair:1   | Noticed Gadfly's ghost (journeyman BaMo)
 16684 | Lair:1   | Found a transporter.
 16686 | Lair:1   | Found a transporter.
 16697 | Lair:1   | Identified the +4 trident "Ipoja" {vorpal, SInv}
 17132 | Lair:1   | Received a gift from Okawaru
 18082 | Lair:1   | Received a gift from Okawaru
 18106 | Lair:1   | Reached skill level 5 in Stealth
 18120 | Lair:1   | Killed Gadfly's ghost
 18120 | Lair:1   | Reached XP level 13. HP: 127/128 MP: 10/19
 18264 | Lair:2   | Noticed Fannar
 18275 | Lair:2   | Killed Fannar
 18317 | Lair:2   | Noticed Gastronok
 18344 | Lair:2   | Killed Gastronok
 19175 | Lair:2   | Reached skill level 16 in Fighting
 19388 | Lair:2   | Found a staircase to the Shoals.
 20293 | Lair:2   | Learned a level 2 spell: Swiftness
 20297 | Lair:2   | Learned a level 3 spell: Ozocubu's Armour
 20457 | Lair:3   | Reached skill level 5 in Dodging
 20573 | Lair:3   | Found a runed translucent gate.
 20573 | Lair:3   | Found a runed translucent gate.
 20573 | Lair:3   | Found a runed translucent gate.
 20573 | Lair:3   | Noticed tkbsonic5's ghost (journeyman OpTm)
 21362 | Lair:4   | Paralysed by a hornet for 3 turns
 21376 | Lair:4   | Found a hole to the Spider Nest.
 22894 | Lair:5   | Received a gift from Okawaru
 22906 | Lair:5   | Reached skill level 10 in Invocations
 22907 | Lair:5   | Identified the -2 hat of Covikk {Harm MR+} (Okawaru gifted
                  | it to you on level 5 of the Lair of Beasts)
 23219 | Lair:5   | Found a viscous altar of Jiyva.
 23219 | Lair:5   | Found a staircase to the Slime Pits.
 24037 | D:11     | Noticed Urug
 24107 | D:11     | Killed Urug
 24549 | D:12     | Reached XP level 14. HP: 132/137 MP: 12/21
 24844 | D:12     | Found a staircase to the Orcish Mines.
 25223 | D:12     | Noticed a shadow dragon
 26187 | D:12     | Noticed a stone giant
 26193 | D:12     | Killed a stone giant
 26219 | D:12     | Noticed a sphinx
 26222 | D:12     | Found the +9 staff of Olgreb {rPois∞}
 26242 | D:12     | Killed a sphinx
 26435 | Orc:1    | Entered Level 1 of the Orcish Mines
 26617 | Orc:2    | Entered Level 2 of the Orcish Mines
 26725 | Orc:2    | Noticed a stone giant
 26747 | Orc:2    | Killed a stone giant
 26747 | Orc:2    | Received a gift from Okawaru
 26747 | Orc:2    | Reached skill level 10 in Shields
 27224 | Orc:2    | Found a staircase to the Elven Halls.
 27506 | Orc:2    | Found West's Distillery.
 27506 | Orc:2    | Found Xineuh's Jewellery Boutique.
 27513 | Orc:2    | Found Faxoim's Armour Emporium.
 27513 | Orc:2    | Found Nygoc's Gadget Boutique.
 27527 | Orc:2    | Bought the ring of the Raven {rPois Str+2 Stlth+} for 374
                  | gold pieces
 27532 | Orc:2    | Bought a potion of heal wounds for 70 gold pieces
 27537 | Orc:2    | Bought the +1 cloak of Starlight {rElec rC+ EV+4 Stlth--}
                  | for 756 gold pieces
 27537 | Orc:2    | Found the +1 cloak of Starlight {rElec rC+ EV+4 Stlth--}
 27546 | Orc:2    | Bought a potion of might for 56 gold pieces
 27587 | Orc:2    | Found a burning altar of Makhleb.
 28393 | D:12     | Got a scorched hunting sling
 28764 | Lair:2   | Identified the +3 hunting sling of the Lost Knives {freeze,
                  | Int+2} (You found it on level 12 of the Dungeon)
 28816 | Lair:6   | Entered Level 6 of the Lair of Beasts
 29000 | Lair:6   | Received a gift from Okawaru
 29001 | Lair:6   | Got a brightly glowing hat {god gift}
 29141 | Lair:5   | Identified the +2 hat of Yxzitiom {Harm} (Okawaru gifted it
                  | to you on level 6 of the Lair of Beasts)
 29461 | Lair:6   | Reached XP level 15. HP: 145/145 MP: 13/22
 29486 | Lair:6   | Found a large runed translucent door.
 29486 | Lair:6   | Found a large runed translucent door.
 30877 | D:13     | Reached skill level 17 in Fighting
 31210 | D:13     | Received a gift from Okawaru
 31226 | D:13     | Identified the +8 falchion of Fimbulwinter {antimagic, +Inv
                  | Str+4 Int-5} (Okawaru gifted it to you on level 13 of the
                  | Dungeon)
 31526 | D:13     | You fall into a shaft and drop 2 floors!
 31526 | D:15     | Entered Level 15 of the Dungeon
 31742 | D:14     | Noticed Louise
 31760 | D:14     | Killed Louise
 31879 | D:14     | Received a gift from Okawaru
 32522 | D:14     | Received a gift from Okawaru
 32525 | D:14     | Got a pair of heavily runed boots {god gift}
 32645 | D:13     | Identified the +0 pair of boots "Tusoe" {+Blink +Fly rPois
                  | Int+6} (Okawaru gifted it to you on level 14 of the
                  | Dungeon)
 32664 | D:14     | Found a large runed translucent door.
 32669 | D:14     | Found a large runed translucent door.
 33131 | D:14     | Reached XP level 16. HP: 146/157 MP: 14/23
 33175 | D:14     | Reached skill level 15 in Shields
 33275 | D:14     | Reached skill level 18 in Fighting
 33411 | D:14     | Found a gate to the Vaults.
 33563 | D:14     | Found a sacrificial altar of Ru.
 33575 | D:14     | Found an iron altar of Okawaru.
 34595 | D:15     | Found a staircase to the Depths.
 35094 | D:15     | Reached skill level 5 in Evocations
 35484 | Lair:3   | Received a gift from Okawaru
 35507 | Lair:3   | Killed tkbsonic5's ghost
 35601 | Shoals:1 | Entered Level 1 of the Shoals
 36229 | Shoals:1 | Noticed Frances
 36626 | Shoals:1 | Noticed Donald
 36639 | Shoals:1 | Killed Donald
 36787 | Shoals:1 | Reached ****** piety under Okawaru
 36787 | Shoals:1 | Received a gift from Okawaru
 37098 | Shoals:1 | Killed Frances
 38441 | Shoals:2 | Received a gift from Okawaru
 38471 | Shoals:2 | Reached skill level 10 in Dodging
 38543 | Shoals:2 | Reached XP level 17. HP: 165/165 MP: 16/25
 39240 | Lair:2   | Gained mutation: You are covered in fur. (AC +1) [potion of
                  | mutation]
 39240 | Lair:2   | Gained mutation: You are robust. (+10% HP) [potion of
                  | mutation]
 39285 | Spider:1 | Entered Level 1 of the Spider Nest
 40328 | Spider:1 | Identified a scroll of acquirement
 40328 | Spider:1 | Acquired a manual of Axes
 41057 | Spider:2 | Received a gift from Okawaru
 43032 | Spider:2 | Reached skill level 5 in Throwing
 43289 | Elf:1    | Entered Level 1 of the Elven Halls
 43466 | Elf:1    | Found Yvafisuerr's Antique Weapon Shoppe.
 43502 | Elf:1    | Received a gift from Okawaru
 43735 | Elf:1    | Bought a glowing short sword for 138 gold pieces
 43775 | Elf:1    | Reached skill level 19 in Fighting
 43781 | Elf:1    | Reached skill level 10 in Evocations
 44018 | Elf:1    | Found Otir's Antique Weapon Emporium.
 44882 | Orc:2    | Bought a wand of clouds (5) for 351 gold pieces
 45027 | Elf:1    | Reached XP level 18. HP: 180/193 MP: 16/27
 45084 | Elf:1    | Received a gift from Okawaru
 45667 | Elf:2    | Found a huge runed translucent gate.
 45667 | Elf:2    | Found a huge runed translucent gate.
 45667 | Elf:2    | Found a huge runed translucent gate.
 45667 | Elf:2    | Found a huge runed translucent gate.
 45668 | Elf:2    | Found a huge runed translucent gate.
 45889 | Elf:2    | Found Quruun's Gadget Emporium.
 46402 | Elf:1    | Bought a polished trident for 195 gold pieces
 46402 | Elf:1    | Bought a scorched spear for 184 gold pieces
 46405 | Elf:1    | Identified the +4 trident of Hasoazoi {freeze, rN+ Int+4}
                  | (You bought it in a shop on level 1 of the Elven Halls)
 46406 | Elf:1    | Identified the +10 spear of Xom's Regard {drain, Int+5}
                  | (You bought it in a shop on level 1 of the Elven Halls)
 46890 | Shoals:3 | Found Allowk's Book Shop.
 47185 | Shoals:3 | Identified the cursed +0 kite shield of Living New
                  | Discoveries {rPois rC+ rN+ MR+} (You found it on level 3 of
                  | the Shoals)
 47305 | Shoals:3 | Reached skill level 20 in Fighting
 47306 | Shoals:3 | Found Tublyil's Magic Scroll Shoppe.
 47318 | Shoals:3 | Reached skill level 15 in Long Blades
 47992 | Shoals:3 | Found Naucvey's Book Boutique.
 48488 | Shoals:4 | Entered Level 4 of the Shoals
 48601 | Shoals:4 | Received a gift from Okawaru
 49119 | Shoals:4 | Received a gift from Okawaru
 49335 | Shoals:4 | Identified the ring "Dylioch" {*Slow rF+++ Dex+5 Stlth+}
                  | (You found it on level 4 of the Shoals)
 49385 | Shoals:4 | Received a gift from Okawaru
 49386 | Shoals:4 | Found the +3 pair of gauntlets of War {Slay+5}
 49418 | Shoals:4 | Reached skill level 1 in Spellcasting
 49418 | Shoals:4 | Reached skill level 1 in Charms
 49429 | Shoals:4 | Reached skill level 1 in Ice Magic
 49435 | Shoals:4 | Reached skill level 1 in Air Magic
 49697 | Shoals:4 | Got a barnacled rune of Zot
 50178 | Shoals:4 | Noticed Ilsuiw
 50181 | Shoals:4 | Identified the +3 quarterstaff "Uliudi" {flame, +Fly rC+
                  | rN++ MP-9}
 50225 | Shoals:4 | Killed Ilsuiw
 50545 | Shoals:4 | Identified the ring of the Traitor {Str+4 Int-2 Dex+6
                  | Stlth+}
 51052 | Shoals:4 | Reached XP level 19. HP: 203/203 MP: 15/28
 51486 | Shoals:3 | Bought a scroll of enchant weapon for 105 gold pieces
 51982 | Spider:3 | Acquired a +2 double sword of holy wrath
 52276 | Spider:3 | Identified the cursed +0 cloak "Ydweedon" {rC+ SInv} (You
                  | found it on level 3 of the Spider Nest)
 52984 | Spider:4 | Entered Level 4 of the Spider Nest
 53038 | Spider:4 | Noticed Bai Suzhen
 53059 | Spider:3 | Killed Bai Suzhen
 53720 | Spider:4 | Noticed Arachne
 53931 | Spider:4 | Received a gift from Okawaru
 53974 | Spider:3 | Killed Arachne
 55113 | Spider:4 | Received a gift from Okawaru
 55428 | Spider:4 | Got a gossamer rune of Zot
 55937 | Elf:3    | Entered Level 3 of the Elven Halls
 55981 | Elf:3    | Reached skill level 21 in Fighting
 56057 | Elf:3    | Received a gift from Okawaru
 56129 | Elf:3    | Found Fuoleach's Magic Scroll Emporium.
 56131 | Elf:3    | Bought a scroll of enchant weapon for 150 gold pieces
 56255 | Elf:3    | Received a gift from Okawaru
 56255 | Elf:3    | Reached skill level 10 in Stealth
 57703 | Vaults:1 | Entered Level 1 of the Vaults
 57713 | Vaults:1 | Reached XP level 20. HP: 184/217 MP: 20/29
 57777 | Vaults:1 | Found a ruined gateway.
 57807 | Desolati | Entered the Desolation of Salt
 58563 | Desolati | Identified the Collected Works on Mutagenic Ignition
 58739 | Desolati | Received a gift from Okawaru
 59035 | Desolati | Identified the +8 scimitar of Doubt {vorpal, rPois MR+
                  | Stlth-} (Okawaru gifted it to you in the Desolation of
                  | Salt)
 59438 | Desolati | Identified the Disquisition on Ashen Confrontation
 60162 | Desolati | Got a faintly glowing silver amulet
 60163 | Desolati | Identified the amulet of Jafrie {RegenMP Str+2 Stlth+} (You
                  | found it in the Desolation of Salt)
 60165 | Desolati | Got a glimmering hand crossbow
 60708 | Vaults:1 | Noticed Saint Roka
 60799 | Vaults:1 | Killed Saint Roka
 61280 | Vaults:1 | Received a gift from Okawaru
 61830 | Vaults:1 | Reached skill level 22 in Fighting
 61852 | Vaults:1 | Reached skill level 10 in Throwing
 62336 | Vaults:1 | Noticed Nikola
 62368 | Vaults:1 | Killed Nikola
 62368 | Vaults:1 | Reached XP level 21. HP: 166/227 MP: 21/30
 62621 | Vaults:1 | Received a gift from Okawaru
 63367 | Vaults:2 | Received a gift from Okawaru
 64085 | Vaults:2 | Found a staircase to the Crypt.
 64735 | Vaults:2 | Found Zuyl's Book Shoppe.
 65104 | Vaults:2 | Received a gift from Okawaru
 65847 | Elf:3    | Bought a scroll of identify for 40 gold pieces
 65847 | Elf:3    | Bought a scroll of identify for 40 gold pieces
 65847 | Elf:3    | Bought a scroll of identify for 40 gold pieces
 65926 | Elf:3    | Identified the +1 plate armour of Day {rPois}
 65926 | Elf:3    | Identified the ring of the Equinox {Dex+7 Slay+3 SInv}
 65940 | Elf:3    | Received a gift from Okawaru
 66050 | Elf:3    | Received a gift from Okawaru
 66187 | Elf:3    | Identified the +0 pair of boots of the Hare {Int+8 Slay-6}
                  | (Okawaru gifted it to you on level 3 of the Elven Halls)
 66219 | Elf:3    | Identified the amulet of Pulo Ase {Reflect *Drain +Fly
                  | MR+++ Dex-2 SH+5}
 66246 | Elf:3    | Gained mutation: You are weak. (Str -2) [a cacodemon]
 66767 | Elf:2    | Reached skill level 23 in Fighting
 68353 | Vaults:3 | Reached XP level 22. HP: 242/242 MP: 22/31
 68568 | Vaults:3 | Noticed Margery
 68590 | Vaults:3 | Killed Margery
 68590 | Vaults:3 | Received a gift from Okawaru
 69134 | Vaults:3 | Received a gift from Okawaru
 70075 | Shoals:3 | Bought a scroll of silence for 105 gold pieces
 70075 | Shoals:3 | Bought a scroll of identify for 28 gold pieces
 70075 | Shoals:3 | Bought a scroll of enchant armour for 105 gold pieces
 70075 | Shoals:3 | Bought a scroll of enchant armour for 105 gold pieces
 70371 | Vaults:1 | Identified the +7 hand crossbow of the Dark Horse {freeze,
                  | rPois rN+ MR+ Int-2} (You found it in the Desolation of
                  | Salt)
 70548 | Vaults:4 | Received a gift from Okawaru
 70894 | Vaults:4 | Found a runed translucent gate.
 70894 | Vaults:4 | Found a runed translucent gate.
 70894 | Vaults:4 | Found an opulent altar of Gozag.
 70894 | Vaults:4 | Found a runed translucent gate.
 70895 | Vaults:4 | Found Pitwosm's Assorted Antiques.
 70895 | Vaults:4 | Noticed TPoD's ghost (adept HOMo)
 71372 | Vaults:4 | Reached skill level 15 in Dodging
 71619 | Vaults:4 | Reached skill level 24 in Fighting
 71712 | Vaults:4 | Identified the +0 hat of Qeffasot {rF+ Dex+2} (You found it
                  | on level 4 of the Vaults)
 71722 | Vaults:4 | Found a radiant altar of Vehumet.
 72450 | Vaults:4 | Received a gift from Okawaru
 72456 | Vaults:4 | Got a slimy hat
 72492 | Vaults:4 | Identified the +2 hat "Loawag" {Dex+5} (You found it on
                  | level 4 of the Vaults)
 72685 | Vaults:4 | Killed TPoD's ghost
 73049 | Vaults:4 | Bought a coppery potion for 34 gold pieces
 73049 | Vaults:4 | Bought a scroll of identify for 76 gold pieces
 73271 | Depths:1 | Entered Level 1 of the Depths
 73443 | Depths:1 | Noticed the Enchantress
 73471 | Depths:1 | Killed the Enchantress
 73577 | Depths:1 | Found a gateway to a ziggurat.
 73587 | Depths:1 | Found a one-way gate to the infinite horrors of the Abyss.
 73755 | Depths:1 | Found a white marble altar of Elyvilon.
 73788 | Depths:1 | Received a gift from Okawaru
 74376 | Depths:1 | Identified the Handbook of Heat and Transformation
 74519 | Depths:1 | Reached XP level 23. HP: 232/251 MP: 23/32
 74803 | Depths:1 | Found a gateway to Hell.
 75640 | Depths:2 | Received a gift from Okawaru
 75836 | Depths:2 | Found the +4 moon troll leather armour {Spirit, Regen++
                  | MP+5}
 76093 | Depths:2 | Got a crude flail
 76297 | Depths:3 | Found a one-way gate leading to the halls of Pandemonium.
 76410 | Depths:3 | Received a gift from Okawaru
 76561 | Depths:2 | Identified a +1 pair of boots of running (Okawaru gifted it
                  | to you on level 3 of the Depths)
 76773 | Depths:3 | Reached skill level 25 in Fighting
 76951 | Depths:3 | Found a shimmering altar of Xom.
 77930 | Depths:4 | Found Pilirchou's Jewellery Shop.
 77930 | Depths:4 | Found Hiad's Antique Weapon Shoppe.
 78238 | Depths:4 | Identified the cursed +1 mace "Siunn" {elec, +Rage rPois
                  | rF+ MP+9}
 78455 | Depths:4 | Found a gateway to a bazaar.
 78553 | Depths:4 | Found Qiossumn's Armour Shop.
 78626 | Depths:4 | Found Kotam's Weapon Shoppe.
 78783 | Depths:4 | Learned a level 1 spell: Apportation
 78785 | Depths:4 | Learned a level 1 spell: Animate Skeleton
 78787 | Depths:4 | Learned a level 1 spell: Summon Butterflies
 78791 | Depths:4 | Learned a level 3 spell: Tukima's Dance
 78795 | Depths:4 | Reached XP level 24. HP: 267/267 MP: 23/32
 78845 | Depths:4 | Received a gift from Okawaru
 79226 | Depths:4 | Bought the -2 hat of the Alchemist {rElec rPois rF+ rC+ rN+
                  | MR+ rMut rCorr} for 660 gold pieces
 79226 | Depths:4 | Found the -2 hat of the Alchemist {rElec rPois rF+ rC+ rN+
                  | MR+ rMut rCorr}
 80268 | Depths:5 | Entered Level 5 of the Depths
 80416 | Depths:5 | Reached skill level 15 in Throwing
 81666 | Depths:5 | Received a gift from Okawaru
 81767 | Depths:5 | Found a gate to the Realm of Zot.
 82281 | Crypt:1  | Entered Level 1 of the Crypt
 82307 | Crypt:1  | Received a gift from Okawaru
 82323 | Crypt:1  | Identified the +10 long sword "Etopn" {vorpal, rPois rF+
                  | MR+ Str-4} (Okawaru gifted it to you on level 1 of the
                  | Crypt)
 82660 | Crypt:1  | Reached skill level 26 in Fighting
 83551 | Crypt:2  | Reached skill level 1 in Hexes
 83551 | Crypt:2  | Reached skill level 1 in Necromancy
 83554 | Crypt:2  | Reached skill level 1 in Translocations
 83555 | Crypt:2  | Reached skill level 1 in Summonings
 83819 | Crypt:2  | Received a gift from Okawaru
 83837 | Crypt:2  | Identified the +0 kite shield "Wageoth" {rF++} (Okawaru
                  | gifted it to you on level 2 of the Crypt)
 84207 | Crypt:2  | Reached XP level 25. HP: 204/278 MP: 23/32
 85134 | Crypt:3  | Entered Level 3 of the Crypt
 85727 | Crypt:3  | Found a staircase to the Tomb.
 85888 | Crypt:3  | Identified the cursed +1 glaive of the Yoke {vorpal, Int+4}
 85997 | Crypt:3  | Reached skill level 27 in Fighting
 86050 | Crypt:3  | Noticed a greater mummy
 86076 | Crypt:3  | Found an ancient bone altar of Kikubaaqudgha.
 86088 | Crypt:3  | Found a basalt altar of Yredelemnul.
 86516 | Crypt:3  | Found a basalt altar of Yredelemnul.
 86572 | Crypt:3  | Identified Acemeled's Disquisition on Black Rituals
 86983 | Crypt:3  | Noticed an ancient lich
 86995 | Crypt:3  | Killed an ancient lich
 87355 | Crypt:3  | Killed a greater mummy
 87355 | Crypt:3  | Received a gift from Okawaru
 87358 | Crypt:3  | Identified the +0 pair of boots of Qoffunt {-Cast Int+5}
                  | (Okawaru gifted it to you on level 3 of the Crypt)
 87547 | Crypt:3  | Identified the Papyrus of Curses
 87554 | Crypt:3  | Identified the +6 long sword of Anger {freeze, MR+} (You
                  | found it on level 3 of the Crypt)
 87918 | Bazaar   | Entered a bazaar
 87918 | Bazaar   | Found Mixuyll's Gadget Emporium.
 87930 | Bazaar   | Found Ighesk's Assorted Antiques.
 87960 | Bazaar   | Found Fasiz's Jewellery Emporium.
 87969 | Bazaar   | Bought the ring "Harchahe" {rC+ MR+ MP+9 Dex+4 Stlth+} for
                  | 609 gold pieces
 87991 | Bazaar   | Bought a scroll of identify for 50 gold pieces
 87991 | Bazaar   | Bought a scroll of blinking for 187 gold pieces
 88003 | Bazaar   | Bought a wand of acid (8) for 216 gold pieces
 88003 | Bazaar   | Bought a wand of digging (8) for 216 gold pieces
 88418 | Vaults:5 | Entered Level 5 of the Vaults
 89234 | Vaults:5 | Paralysed by a floating eye for 3 turns
 89964 | Vaults:5 | Reached XP level 26. HP: 267/292 MP: 19/32
 90222 | Vaults:5 | Received a gift from Okawaru
 90239 | Vaults:5 | Received a gift from Okawaru
 90289 | Vaults:5 | Identified the ring "Wetu" {+Inv rF+++ rC- Int+6 Slay-2}
 90573 | Vaults:5 | Identified the Handbook of the Traveller
 90666 | Vaults:5 | Identified Ovahof's Guide on the Scorching Escort
 90750 | Vaults:5 | Identified the ring of Taem {+Fly rCorr Int+4}
 90777 | Vaults:5 | Identified the ring of No Interval {+Inv rC+ Dex-2 Stlth+}
 90993 | Vaults:5 | Identified the cursed +3 double sword "Concordance"
                  | {protect, +Blink}
 91279 | Vaults:5 | Identified the Compendium of the Fetching Arsonist
 91425 | Vaults:5 | Identified the Incunabulum of Mutagenic Cold
 91562 | Vaults:5 | Got a silver rune of Zot
 91704 | Vaults:5 | Identified the +5 hand axe "Semal" {protect, rElec Dex+4}
                  | (You found it on level 5 of the Vaults)
 92203 | Vaults:4 | Identified the +10 spear of Caty {vorpal, Str+4} (Okawaru
                  | gifted it to you on level 4 of the Vaults)
 92594 | Zot:1    | Entered Level 1 of the Realm of Zot
 92807 | Zot:1    | Noticed an orb of fire
 93082 | Zot:1    | Found a runed translucent door.
 93083 | Zot:1    | Found a shimmering altar of Xom.
 93083 | Zot:1    | Noticed Jiorhin's ghost (legendary TrBe)
 93250 | Zot:1    | Killed an orb of fire
 93250 | Zot:1    | Received a gift from Okawaru
 94242 | Zot:1    | Reached XP level 27. HP: 292/300 MP: 24/33
 94388 | Zot:1    | Identified the +10 hunting sling of Untimely Demise
                  | {freeze, *Slow rC++} (You found it on level 1 of the Realm
                  | of Zot)
 94938 | Zot:1    | Killed Jiorhin's ghost
 95314 | Zot:2    | Received a gift from Okawaru
 95563 | Zot:2    | Received a gift from Okawaru
 95798 | Zot:2    | Received a gift from Okawaru
 96803 | Zot:3    | Received a gift from Okawaru
 97306 | Zot:3    | Found a transporter.
 97309 | Zot:3    | Found the +2 cloak of the Thief {+Fog Slay-2 SInv Stlth+}
 97318 | Zot:3    | Found a transporter.
 97629 | Vaults:2 | Bought a manual of Shields for 1876 gold pieces
 98545 | Zot:3    | Received a gift from Okawaru
 98585 | Zot:3    | Identified the amulet of Zuik {Spirit Fragile rN++} (You
                  | found it on level 3 of the Realm of Zot)
 99031 | Orc:2    | Bought the amulet "Rilolig" {Acrobat Dex+4} for 499 gold
                  | pieces
 99038 | Orc:2    | Bought a potion of cancellation for 112 gold pieces
 99428 | Zot:4    | Identified the +3 kite shield of Resilience {Harm Int+2}
                  | (You found it on level 4 of the Realm of Zot)
 99553 | Zot:4    | Received a gift from Okawaru
 99958 | Zot:4    | Got a steaming turquoise ring
 99959 | Zot:4    | Identified the cursed ring of Unge {rN++ Str-4} (You found
                  | it on level 4 of the Realm of Zot)
100259 | Zot:4    | Received a gift from Okawaru
100956 | Zot:4    | Received a gift from Okawaru
101489 | Zot:5    | Entered Level 5 of the Realm of Zot
101543 | Zot:5    | Received a gift from Okawaru
101864 | Zot:5    | Received a gift from Okawaru
102401 | Elf:2    | Bought a wand of digging (6) for 260 gold pieces
102860 | Zot:5    | Noticed an ancient lich
102867 | Zot:5    | Noticed an orb of fire
102870 | Zot:5    | Killed an ancient lich
102871 | Zot:5    | Killed an orb of fire
102871 | Zot:5    | Received a gift from Okawaru
102874 | Zot:5    | Identified the +1 long sword of Qoclios {flame, +Rage}
                  | (Okawaru gifted it to you on level 5 of the Realm of Zot)
102965 | Zot:5    | Noticed an ancient lich
102984 | Zot:5    | Killed an ancient lich
103050 | Zot:5    | Noticed an ancient lich
103051 | Zot:5    | Noticed an orb of fire
103070 | Zot:5    | Killed an orb of fire
103102 | Zot:5    | Killed an ancient lich
103102 | Zot:5    | Received a gift from Okawaru
103164 | Zot:5    | Noticed an orb of fire
103173 | Zot:5    | Killed an orb of fire
103253 | Zot:5    | Noticed an orb of fire
103259 | Zot:5    | Noticed an ancient lich
103260 | Zot:5    | Killed an orb of fire
103261 | Zot:5    | Noticed an orb of fire
103263 | Zot:5    | Received a gift from Okawaru
103269 | Zot:5    | Killed an orb of fire
103276 | Zot:5    | Killed an ancient lich
103276 | Zot:5    | Received a gift from Okawaru
103277 | Zot:5    | Noticed an orb of fire
103289 | Zot:5    | Killed an orb of fire
103660 | Zot:5    | Noticed an orb of fire
103679 | Zot:5    | Gained mutation: You tend to lose your temper in combat.
                  | [an orb of fire]
103681 | Zot:5    | Killed an orb of fire
103826 | Zot:5    | Lost mutation: You tend to lose your temper in combat.
                  | [potion of mutation]
103826 | Zot:5    | Lost mutation: You are robust. (+10% HP) [potion of
                  | mutation]
103826 | Zot:5    | Lost mutation: You are weak. (Str -2) [potion of mutation]
103826 | Zot:5    | Gained mutation: Your mind is acute. (Int +2) [potion of
                  | mutation]
103826 | Zot:5    | Gained mutation: You are robust. (+10% HP) [potion of
                  | mutation]
104105 | Zot:5    | Got the Orb of Zot
104476 | D:9      | Gained mutation: You are weak. (Str -2) [a cacodemon]
104682 | D:$      | Escaped with the Orb!

Illustrated notes

Levels and vault maps discovered:
D:1:      psy_arrival_basics, layout_basic
D:2:      layout_rooms
D:3:      layout_rooms, chequers_ecumenical_altar_simple, first_ration,
          lemuel_flame_loot_1
D:4:      layout_gridville, minmay_temple_entry_mist
D:5:      layout_gridville, lemuel_crystal_altar
D:6:      layout_basic, portal_sewer_entry_b, serial_shops,
          nicolae_shop_behind_doors, uniq_sigmund, uniq_blork_the_orc,
          uniq_edmund
D:7:      layout_cave_pools
D:8:      layout_basic, the_bakery, minmay_small_thing
D:9:      layout_grid_maze, kennysheep_generic_room_11
D:10:     layout_basic
D:11:     layout_loops_ring, due_lair_maze_entry_diamond, uniq_urug
D:12:     minmay_box_of_curves, layout_basic, david_orc_4
D:13:     layout_roguey, grunt_ministairs_2
D:14:     layout_rooms, grunt_vaults_entry_tiered, jmf_multi_god_temple2,
          uniq_louise
D:15:     gammafunk_depths_entry_grave, layout_basic, serial_park_tiny_pond
Temple:   roderic_octagonal_lattice_temple
Lair:1:   layout_long_grid, gammafunk_ghost_wrathful_warriors
Lair:2:   layout_cellular_growth, minmay_shoals_entry_hut,
          infiniplex_staircase_pool, minmay_lair_oklob_chamber,
          serial_bayou_shore_b, lemuel_fruit_fields, serial_bayou_shore_b,
          uniq_fannar, uniq_gastronok
Lair:3:   layout_hall_layers, gammafunk_ghost_necromancy,
          chequers_serial_rivers_large_a, grunt_megastairs_3,
          lemuel_fruit_fields
Lair:4:   layout_regular_city, nicolae_spider_entry_non_spiders
Lair:5:   layout_layer_cave, dpeg_slime_entry_enclosed_altar,
          lemuel_fruit_fields, infiniplex_staircase_pool_2
Lair:6:   cheibrodos_lair_end_hotspot, layout_regular_city, worms_lemuel
Shoals:1: layout_shoals, uniq_frances, uniq_donald
Shoals:2: layout_shoals, nicolae_shoals_square_sea_wall,
          nicolae_shoals_seven_spires
Shoals:3: layout_shoals, serial_shops, shop, shop, nicolae_shop_crystal,
          nicolae_shoals_circle_sea_wall
Shoals:4: shoals_end_grunt_ice, layout_shoals, shoals_ilsuiw_alternative,
          nicolae_shoals_dead_sea_scrolls
Spider:1: nicolae_spider_mines_3, hangedman_spider_tarantella_strand
Spider:2: cheibrodos_spider_silkery, drop_trap
Spider:3: layout_spider_delve, minmay_another_anthill
Spider:4: johnstein_spider_rune_arachne_lair, guppyfry_spider_mini_1,
          uniq_bai_suzhen
Orc:1:    layout_caves
Orc:2:    grunt_orc_tribal_feast, layout_diamond_mine, basic_altar
Elf:1:    eino_elf_arrival_shootout, layout_geoelf_octagon, evilmike_minifort,
          minmay_shoptagon
Elf:2:    layout_geoelf_diagonals, serial_shops, shop, grunt_ministairs_11
Elf:3:    elf_hall, layout_geoelf_octagon, serial_shops, shop
Vaults:1: nicolae_vaults_branching_niches, vaults_dpeg_ring,
          grunt_vaults_hallway_long, ontoclasm_vaults_twist, grunt_vaults_focal,
          nicolae_vaults_mini_display_case, ontoclasm_vaults_ring_small,
          vaults_room_stairs_pillars, layout_vaults_omnigrid,
          portal_desolation_entry_nicolae_nacl, uniq_nikola, uniq_saint_roka
Vaults:2: nicolae_vaults_inception_statues, hangedman_vaults_hard_town_square,
          vaults_room_door_ring, vaults_mumra_hexcomb, v_misc_33, v_misc_4,
          vaults_mumra_minichess_inversion, hangedman_vaults_snaps,
          nicolae_vaults_stairing_the_circle, minmay_crypt_entry_simple_walls,
          ontoclasm_vaults_shuriken, layout_vaults_omnibox, serial_shops, shop
Vaults:3: ontoclasm_vaults_ring_small, hangedman_vaults_slice, v_misc_10,
          v_rooms_2, hangedman_vaults_locks, vaults_room_stairs_pillars,
          vaults_dpeg_hooks, v_misc_18, ontoclasm_vaults_eye,
          vaults_mumra_chevron_long, v_misc_17, ontoclasm_vaults_pinch,
          layout_vaults_ring, uniq_margery
Vaults:4: ebering_vaults_ghost_gozag, v_misc_10, grunt_tower_of_power,
          v_rooms_1, v_misc_24, vaults_room_grid, hangedman_vaults_nails,
          nicolae_vaults_circle_grid_b, v_misc_5, ontoclasm_vaults_misaligned,
          vaults_standard_mumra_enter_the_diamond, vaults_mumra_hex,
          nicolae_vaults_theta, nicolae_vaults_little_squares_4,
          vaults_room_door_ring, layout_vaults_omnicross
Vaults:5: serial_shops
Crypt:1:  layout_chaotic_city, minivault_11
Crypt:2:  layout_misc_corridors, minmay_guarded_unrand_curses
Crypt:3:  lightli_unholy_cathedral, layout_chaotic_city,
          tomb_entry_shell_bobbens, weyrava_vampire_temple
Depths:1: layout_roguey, enter_ziggurat_a, abyss_entry, grunt_hell_entry_dis_mu,
          kennysheep_cross_room, minmay_the_grid_square_5x5_3x3_mashed
          [minmay_the_grid_square_5x5_inner_z,
          minmay_the_grid_square_5x5_beaten_path,
          minmay_the_grid_square_5x5_two_walls_a,
          minmay_the_grid_square_5x5_shrine1,
          minmay_the_grid_square_5x5_megaprize_diamond,
          minmay_the_grid_square_5x5_inner_v, minmay_the_grid_square_5x5_v,
          minmay_the_grid_square_5x5_fancy_junction,
          minmay_the_grid_square_5x5_percent], infiniplex_staircase_pool_lava,
          uniq_enchantress
Depths:2: kennysheep_four_of_diamonds, layout_gridlike, hell_entry
Depths:3: minmay_bloctagon_deflated, layout_cave_pools,
          pf_hell_entry_tar_spiral, pan_entry, serial_bayou_lagoon_a,
          kennysheep_another_room, xom_teletrap_fun
Depths:4: minmay_tri_stars, layout_cave_shapes, hell_entry, serial_shops,
          bzr_firewalk, nicolae_shop_behind_doors, nicolae_shop_crystal,
          nicolae_shop_trees, shop, abyss_entry, serial_column_ruins,
          column_ruins_courtyard_long, column_ruins_square_medium,
          column_ruins_grid_1, column_ruins_open_small_water,
          column_ruins_columns_corner, column_ruins_open_medium,
          chequers_serial_rivers_marsh, minmay_staircase_windowed_large,
          serial_bayou_shore_b
Depths:5: grunt_x_marks_the_spot, layout_cave_shapes, pf_coc_iceberg,
          hangedman_glass_teeth
Zot:1:    layout_misc_corridors, ebering_ghost_xom, hangedman_swamp_dais
Zot:2:    layout_twisted_circle
Zot:3:    gammafunk_sealed_arena, layout_basic, hangedman_elemental_grid_stream
Zot:4:    lemuel_draconian_sentries, layout_concentric_octagons
Zot:5:    layout_twisted_circle

Skill      XL: |  1  2  3  4  5  6  7  8  9 10 11 12 13 14 15 16 17 18 19 20 21 22 23 24 25 26 27 |
---------------+----------------------------------------------------------------------------------+-----
Stealth        | 1 2 3 4 5 7 8 10 11 12 14 | 14.0
Long Blades    | 3 4 6 8 9 10 12 13 14 16 18 | 18.0
Dodging        | 3 4 6 8 10 12 13 14 16 17 20 22 | 22.6
Invocations    | 1 4 6 8 10 11 12 14 | 14.0
Evocations     | 1 2 8 10 | 10.0
Throwing       | 1 2 3 4 5 6 10 11 12 14 16 18 | 18.0
Fighting       | 4 5 9 12 15 16 17 18 19 20 21 22 23 24 25 26 27 | 27.0
Shields        | 4 5 8 12 14 15 16 24 | 24.0
Spellcasting   | 2 |  2.0
Charms         | 2 |  2.0
Ice Magic      | 1 |  1.0
Air Magic      | 1 |  1.0
Hexes          | 2 |  2.0
Necromancy     | 2 |  2.0
Translocations | 1 |  1.0
Summonings     | 1 |  1.0

Action                   |  1- 3 |  4- 6 |  7- 9 | 10-12 | 13-15 | 16-18 | 19-21 | 22-24 | 25-27 || total
-------------------------+-------+-------+-------+-------+-------+-------+-------+-------+-------++-------
Melee: Long sword        |    96 |   121 |   361 |    84 |   570 |       |       |       |       ||  1232
       Tailslap          |     8 |    18 |   100 |   192 |   419 |   441 |   413 |   515 |   562 ||  2668
       Falchion          |       |       |   103 |   666 |       |       |       |       |       ||   769
       Short sword       |       |       |       |    49 |    76 |     1 |       |       |       ||   126
       Scimitar          |       |       |       |       |   924 |  1132 |       |       |       ||  2056
       Demon blade       |       |       |       |       |       |   807 |    69 |     4 |       ||   880
       Double sword      |       |       |       |       |       |       |  1559 |  1729 |  1720 ||  5008
       Rapier            |       |       |       |       |       |       |    43 |       |       ||    43
Throw: Stone             |    11 |     8 |    91 |    23 |       |       |       |       |       ||   133
       Dart              |       |       |     3 |   146 |    30 |       |       |       |       ||   179
       Throwing net      |       |       |     1 |       |       |     1 |     2 |     2 |       ||     6
       Boomerang         |       |       |       |    50 |   363 |   288 |   292 |   292 |   257 ||  1542
       Javelin           |       |       |       |       |     8 |    66 |    32 |    12 |   223 ||   341
Invok: Heroism           |       |       |    15 |    31 |    45 |    30 |    15 |     8 |    18 ||   162
       Finesse           |       |       |       |     2 |     7 |     3 |     6 |     3 |    17 ||    38
 Abil: Evoke Flight      |       |       |       |       |       |    17 |       |     1 |       ||    18
       Breathe Dispellin |       |       |       |       |       |     1 |       |       |       ||     1
       Stop Flying       |       |       |       |       |       |       |     1 |     1 |       ||     2
Evoke: Wand              |       |     3 |    10 |    20 |    14 |     8 |     6 |       |    12 ||    73
       Box of beasts     |       |       |       |       |     1 |       |       |       |       ||     1
  Use: Scroll            |     8 |     4 |     3 |    11 |    14 |    11 |    19 |    14 |    27 ||   111
       Potion            |       |     2 |     1 |    10 |     4 |     3 |     5 |       |     8 ||    33
 Stab: Sleeping          |     4 |     3 |    10 |    17 |    22 |    14 |    24 |    17 |    21 ||   132
       Distracted        |       |     1 |     1 |     3 |     3 |     2 |     8 |     8 |    10 ||    36
       Paralysed         |       |       |     5 |       |       |       |       |       |       ||     5
       Held in net/web   |       |       |     4 |       |       |       |     5 |       |       ||     9
       Invisible         |       |       |       |     5 |       |     2 |     2 |       |       ||     9
       Confused          |       |       |       |       |    19 |       |       |       |     2 ||    21
  Eat: Chunk             |     2 |     5 |    15 |    19 |    29 |    30 |    23 |    28 |    16 ||   167
       Ration            |       |     1 |       |     3 |     6 |     9 |    10 |     7 |    15 ||    51
Armor: Skin              |    15 |    28 |    94 |   141 |   155 |   214 |   179 |   166 |   181 ||  1173
Dodge: Dodged            |    67 |    68 |   222 |   324 |   624 |  1168 |  1132 |  1115 |  1195 ||  5915
Block: Kite shield       |     6 |       |       |       |   663 |  1216 |  1009 |   963 |  1061 ||  4918
       Buckler           |    14 |    25 |   131 |   169 |    90 |       |       |       |       ||   429
       Reflection        |       |       |       |       |       |    65 |     5 |       |       ||    70
       Rpst.: Long sword |    24 |    20 |    56 |     8 |    50 |       |       |       |       ||   158
       Falchion          |       |       |    15 |    66 |       |       |       |       |       ||    81
       Scimitar          |       |       |       |       |    79 |   132 |       |       |       ||   211
       Demon blade       |       |       |       |       |       |    70 |     6 |     1 |       ||    77
       Double sword      |       |       |       |       |       |       |   204 |   191 |   198 ||   593
